 Dungeon Crawl Stone Soup version 0.30-a0-169-g06f667207d (webtiles) character file.

Game seed: 7948314001191182251

91 qw the Chopper (level 4, -3/28 HPs)
             Began as a Gargoyle Fighter on Sept 29, 2022.
             Slain by a lemure (6 damage)
             ... led by Pikel
             ... on level 4 of the Dungeon.
             The game lasted 00:00:44 (2865 turns).

qw the Chopper (Gargoyle Fighter)                   Turns: 2865, Time: 00:00:45

Health: -3/28      AC:  7    Str: 22    XL:     4   Next: 57%
Magic:  4/4        EV: 17    Int:  8    God:
Gold:   101        SH:  0    Dex:  9    Spells: 3/3 levels left

rFire   + + .      SeeInvis .    (weapon currently unavailable)
rCold   + + .      Faith    .    (shield currently unavailable)
rNeg    + + +      Spirit   .    (body armour currently unavailable)
rPois   inf        Reflect  .    (helmet currently unavailable)
rElec   +          Harm     .    (cloak currently unavailable)
rCorr   +          Rampage  .    (gloves currently unavailable)
Will    .....                    (boots currently unavailable)
Stlth   +.........               (amulet currently unavailable)
HPRegen 0.09/turn                (ring currently unavailable)
MPRegen 0.09/turn                (ring currently unavailable)

@: about to teleport, wisp-form (expiring), flying
A: insubstantial, flying, no casting, sickness immunity, AC +3, tiny, negative
energy resistance 1, (electricity resistance), torment resistance 1,
petrification resistance
a: no special abilities


You were on level 4 of the Dungeon.
You were an insubstantial wisp.
You visited 1 branch of the dungeon, and saw 4 of its levels.

You collected 101 gold pieces.


Innate Abilities, Weirdness & Mutations

You are an insubstantial wisp.
Your tiny insubstantial body is highly resistant to most damage types.
You are flying.
Your equipment is entirely melded.
You are incapable of wielding weapons or throwing items.
You cannot cast spells.
You are immune to sickness and miasma.
((Your stone body is resilient. (AC +3)))
You are immune to poison.
You resist negative energy. (rN+)
((You are resistant to electric shocks. (rElec)))
You are resistant to unholy torment.
You are immune to petrification.


   Skills:
 - Level 3.2 Fighting
 + Level 4.2 Axes
 - Level 3.2 Armour
 - Level 3.2 Shields


You had 3 spell levels left.
You didn't know any spells.
Your spell library was empty.

Inventory:

Hand Weapons
 p - a +1 vampiric war axe (melded)
 r - a +0 morningstar
Missiles
 i - 5 boomerangs (quivered)
Armour
 b - a +0 scale mail (melded)
 c - a +0 buckler (melded)
 f - a +0 pair of boots (melded)
Scrolls
 a - a scroll of identify
 k - 2 scrolls of teleportation
Potions
 d - 2 potions of might
 e - a potion of curing
 h - a potion of lignification
 m - a potion of magic {unknown}
 s - a potion of degeneration {unknown}

Dungeon Overview and Level Annotations

Branches:
Dungeon (4/15)
 Temple: D:4-7

Altars:
Elyvilon

Annotations:
D:4 Blork the orc, Eustachio, Ijyb, Pikel


Message History

Ijyb is lightly wounded.
The goblin closely misses you. Ijyb barely misses you.
The dart slug bites you but does no damage.
You touch Ijyb but do no damage.
Ijyb is lightly wounded.
The goblin closely misses you. Ijyb misses you.
The dart slug closely misses you.
You barely miss Ijyb.
Ijyb is lightly wounded.
The goblin hits you but does no damage. Ijyb hits you with a +5 spectral club.
You touch Ijyb but do no damage.
Ijyb is lightly wounded.
Your surroundings suddenly seem different.
Pikel, 4 lemures and an ogre come into view.
Pikel is wielding a +0 whip of electrocution.
Found four items.
Found an escape hatch in the ceiling.
Found a stone staircase leading down.
The lemure shouts! x3; The ogre shouts!
Enter note: Pikel shouts!
You hear a shout! x2
You touch the ogre.
The ogre is moderately wounded.
Your transformation is almost over.
The ogre hits you with a +0 giant club.
2862 ||| READING 3 scrolls of teleportation.
As you read the scroll of teleportation, it crumbles to dust.
You feel strangely unstable. The lemure misses you. The ogre barely misses you.
You touch the ogre.
The ogre is moderately wounded.
The lemure closely misses you. The lemure hits you.
An orc comes into view. It is wielding a +0 dagger.
The lemure hits you.
You touch the ogre!
The ogre is severely wounded.
The lemure closely misses you. The ogre misses you. The lemure misses you.
You touch the ogre.
The ogre is severely wounded.
The lemure hits you.
You die...

##. .##
##..####..
##....$....
#.|.......
#.#......#
..[..5>..#####.
#o....K5.......
#.....5v.#
....[.5O<#
.....#....#
.... .###.# ...
.. .# #. .## ..
# #. #. . .. ..


You could see Pikel, an ogre, 4 lemures and an orc.

Vanquished Creatures
  Terence (D:3)
  2 adders (D:2)
  2 worms (D:2)
  2 dart slugs (D:2)
  6 ball pythons
  4 endoplasms
  2 giant cockroaches (D:2)
  2 goblins
  3 hobgoblins
  4 kobolds (D:1)
  3 quokkas
  4 frilled lizards
  4 rats
39 creatures vanquished.

Notes
Turn   | Place    | Note
-------+----------+-------------------------------------------
     0 | D:1      | qw the Gargoyle Fighter began the quest for the Orb.
     0 | D:1      | Reached XP level 1. HP: 14/14 MP: 1/1
     0 | D:1      | 0 ||| qw: Version: 0.2-a-12-gaebbb33
     0 | D:1      | 0 ||| qw: Game counter: 1281
     0 | D:1      | 0 ||| qw: Always use a shield: true
     0 | D:1      | 0 ||| qw: God list: Okawaru
     0 | D:1      | 0 ||| qw: Allow faded altars: false
     0 | D:1      | 0 ||| qw: Do Orc after D:15 true
     0 | D:1      | 0 ||| qw: Do second Lair branch before Depths: true
     0 | D:1      | 0 ||| qw: Lair rune preference: random
     0 | D:1      | 0 ||| qw: Plans: Normal, Zot:1-4, God:TSO, Crypt, Tomb,
                  | Pan, Slime:5, Hells, Abyss, Orb
     0 | D:1      | 0 ||| PLANNING D:1-11
   125 | D:1      | Reached skill level 2 in Axes
   482 | D:1      | Reached XP level 2. HP: 19/19 MP: 2/2
   630 | D:1      | 630 ||| DROPPING +0 club.
   815 | D:1      | 815 ||| DROPPING +0 whip.
   828 | D:1      | 828 ||| READING 2 scrolls labelled XIUDGH NUOMI.
   829 | D:1      | 829 ||| READING scroll labelled JUYCLIUBEO.
   830 | D:1      | 830 ||| READING 3 scrolls labelled YNGIYM PILO.
   831 | D:1      | 831 ||| DROPPING 2 scrolls of blinking.
   906 | D:2      | 906 ||| Stepping ~*~*~tactically~*~*~ (stealth).
   907 | D:2      | 907 ||| Stepping ~*~*~tactically~*~*~ (stealth).
   980 | D:2      | Reached skill level 3 in Axes
  1079 | D:2      | Reached XP level 3. HP: 23/23 MP: 3/3
  1163 | D:2      | 1163 ||| Stepping ~*~*~tactically~*~*~ (stealth).
  1187 | D:2      | Found a faded altar of an unknown god.
  1278 | D:2      | 1278 ||| Stepping ~*~*~tactically~*~*~ (hiding).
  1928 | D:2      | Reached XP level 4. HP: 26/28 MP: 4/4
  1976 | D:2      | 1976 ||| UPGRADING to +0 pair of boots.
  1981 | D:2      | 1981 ||| READING scroll labelled FIPUOR ADOMM.
  1982 | D:2      | 1982 ||| READING scroll labelled NEYVAO TUOTH.
  1983 | D:2      | 1983 ||| READING 4 scrolls labelled TOLOXE TIBOESU.
  2286 | D:3      | Found a white marble altar of Elyvilon.
  2607 | D:3      | Noticed Terence
  2615 | D:3      | Killed Terence
  2616 | D:3      | Reached skill level 4 in Axes
  2692 | D:3      | 2692 ||| DROPPING +1 whip of holy wrath.
  2743 | D:3      | 2743 ||| READING scroll labelled KETUXKU IJ VAE.
  2790 | D:3      | 2790 ||| READING scroll labelled UTYECU APIACS.
  2791 | D:3      | 2791 ||| READING scroll labelled POMOOV DAUNNI.
  2792 | D:3      | 2792 ||| READING scroll labelled MIORA SEIPS.
  2793 | D:3      | 2793 ||| READING scroll labelled SYKLEKHACELO.
  2794 | D:3      | 2794 ||| DRINKING 2 pink potions.
  2814 | D:3      | 2814 ||| READING 4 scrolls of identify.
  2814 | D:3      | 2814 ||| IDENTIFYING white potion
  2815 | D:3      | 2815 ||| READING 3 scrolls of identify.
  2815 | D:3      | 2815 ||| IDENTIFYING murky white potion
  2816 | D:3      | 2816 ||| READING 2 scrolls of identify.
  2816 | D:3      | 2816 ||| IDENTIFYING cyan potion
  2840 | D:4      | Noticed Ijyb
  2840 | D:4      | Noticed Eustachio
  2843 | D:4      | 2843 ||| DRINKING potion of cancellation.
  2853 | D:4      | HP: 7/28 [dart slug/slug dart (1)]
  2854 | D:4      | 2854 ||| READING 4 scrolls of teleportation.
  2855 | D:4      | 2855 ||| DRINKING potion of heal wounds.
  2855 | D:4      | Noticed Blork the orc
  2859 | D:4      | Noticed Pikel
  2859 | D:4      | Noticed a lemure
  2859 | D:4      | Noticed a lemure
  2859 | D:4      | Noticed a lemure
  2859 | D:4      | Noticed a lemure
  2859 | D:4      | Noticed an ogre
  2861 | D:4      | HP: 7/28 [ogre/+0 giant club (6)]
  2862 | D:4      | 2862 ||| READING 3 scrolls of teleportation.
  2863 | D:4      | HP: 3/28 [lemure[Pikel] (3)]
  2865 | D:4      | Slain by a lemure

Levels and vault maps discovered:
D:1:      lightli_iron_boxes, layout_basic, chequers_serial_rivers_small_a,
          minivault_26, chequers_serial_rivers_micro_e, minmay_misc_feat_cross
D:2:      layout_basic, shapermc_ecumenical_altar_mp_urbaneastern
D:3:      layout_basic, elyvilon_altar_4, uniq_terence
D:4:      layout_rooms, nicolae_overflow_crystal_walls, serial_shops,
          nicolae_lakefront_shop, small_statue_intersection, uniq_ijyb,
          uniq_blork_the_orc, uniq_eustachio, uniq_pikel

Skill      XL: |  1  2  3  4 |
---------------+-------------+-----
Axes           | 2 3 4 |  4.2
Fighting       | |  3.2
Armour         | |  3.2
Shields        | |  3.2

Action                   |  1- 3 |  4- 6 || total
-------------------------+-------+-------++-------
Melee: War axe           |    79 |    11 ||    90
       Unarmed           |       |    17 ||    17
Throw: Boomerang         |    13 |    10 ||    23
  Use: Scroll            |     3 |    13 ||    16
       Potion            |       |     3 ||     3
Armor: Scale mail        |    29 |     4 ||    33
       Skin              |       |     5 ||     5
Dodge: Dodged            |    34 |    22 ||    56
Block: Buckler           |    12 |     2 ||    14

Table legend:
 A = Non-vault XP
 B = Vault XP
 C = Vault XP percentage of total XP
 D = Non-vault monster count
 E = Vault monster count
 F = Vault count percentage of total count
                 A         B        C        D         E       F
            +---------+---------+-------+---------+---------+-------
      Total |      98 |      32 |  24.6 |      38 |       1 |   2.6
            +---------+---------+-------+---------+---------+-------
        D:1 |      18 |       0 |   0.0 |      10 |       0 |   0.0
        D:2 |      71 |       0 |   0.0 |      22 |       0 |   0.0
        D:3 |       9 |      32 |  78.0 |       6 |       1 |  14.3
            +---------+---------+-------+---------+---------+-------
